 Dungeon Crawl Stone Soup version 0.27-a0-1137-g3ef0f4ec91 (webtiles) character file.

Game seed: 16351147554308377500

27491 wakim the Destroyer (level 13, 0/73 HPs)
             Began as a Deep Elf Conjurer on May 7, 2021.
             Was a Follower of Sif Muna.
             Slain by a seven-headed hydra (13 damage)
             ... on level 5 of the Lair of Beasts.
             The game lasted 01:04:35 (22907 turns).

wakim the Destroyer (Deep Elf Conjurer)            Turns: 22907, Time: 01:04:36

Health: 0/73       AC:  5    Str:  7    XL:     13   Next: 4%
Magic:  30/30      EV: 21    Int: 29    God:    Sif Muna [*.....]
Gold:   959        SH:  5    Dex: 13    Spells: 9/34 levels left

rFire    . . .     SeeInvis .   b - +11 hunting sling "Gycs" {venom, Int+3}
rCold    . . .     Faith    .   o - +0 buckler
rNeg     . . .     Spirit   .   l - +2 robe {Will+}
rPois    .         Reflect  .   (no helmet)
rElec    .         Harm     .   (no cloak)
rCorr    .         Rampage  .   z - +0 pair of gloves
Will     +++..                  (no boots)
Stlth    ++........             s - amulet of regeneration
HPRegen  1.22/turn              p - ring of willpower
MPRegen  0.22/turn              q - +4 ring of evasion

@: no status effects
A: no striking features
a: Renounce Religion, Channel Magic


You were on level 5 of the Lair of Beasts.
You worshipped Sif Muna.
Sif Muna was aware of your devotion.
You visited 3 branches of the dungeon, and saw 20 of its levels.
You also visited: Ossuary and Gauntlet.

You collected 1137 gold pieces.
You spent 178 gold pieces at shops.

Inventory:

Hand Weapons
 a - the +6 spear of Contradiction {vorpal, rN++ Str+7 Dex-4}
   (You found it on level 1 of the Lair of Beasts)

   It inflicts extra damage upon your enemies.
   It affects your strength (+7).
   It affects your dexterity (-4).
   It greatly protects you from negative energy.
 b - the +11 hunting sling "Gycs" (weapon) {venom, Int+3}
   (You found it on level 9 of the Dungeon)

   It poisons the ammo it fires.
   It affects your intelligence (+3).
Missiles
 e - 117 sling bullets (quivered ammo)
 g - 5 throwing nets {=f!f}
Armour
 l - a +2 robe of willpower (worn)
 o - a +0 buckler (worn)
 z - a +0 pair of gloves (worn)
Jewellery
 c - a ring of poison resistance
 f - a +4 ring of evasion
 h - a ring of fire
 i - an amulet of reflection
 j - a ring of protection from cold
 m - a +4 ring of evasion
 n - a ring of wizardry
 p - a ring of willpower (left hand)
 q - a +4 ring of evasion (right hand)
 s - an amulet of regeneration (around neck)
 t - a ring of positive energy
 M - a +6 ring of intelligence
Wands
 v - a wand of flame (71)
 w - a wand of acid (19)
 x - a wand of iceblast (15)
 y - a wand of paralysis (19)
Scrolls
 d - a scroll of enchant armour
 r - a scroll of identify
 R - 2 scrolls of magic mapping {!r}
 T - 10 scrolls of teleportation
 U - a scroll of fear
 W - a scroll of holy word
 X - a scroll of fog
 Y - a scroll of blinking {!r}
Potions
 A - 2 potions of ambrosia
 D - 2 potions of brilliance
 E - 2 potions of cancellation
 F - 6 potions of curing
 G - 2 potions of flight
 H - 3 potions of haste
 I - a potion of invisibility
 J - 2 potions of heal wounds
 K - 2 potions of magic
 L - 10 potions of lignification {!q}
 O - 2 potions of resistance


   Skills:
 + Level 5.5 Fighting
 + Level 10.8 Dodging
 - Level 4.0 Stealth
 + Level 5.1 Shields
 + Level 11.3 Spellcasting
 + Level 12.1 Conjurations
 - Level 7.0 Hexes
 * Level 6.8 Translocations
 + Level 4.3 Ice Magic
 + Level 4.2 Air Magic
 * Level 7.3 Invocations


You had 9 spell levels left.
You knew the following spells:

 Your Spells              Type           Power      Damage    Failure   Level
a - Magic Dart            Conj           100%       1d8       1%          1
b - Swiftness             Air            41%        N/A       1%          3
c - Lightning Bolt        Conj/Air       29%        1d46      3%          5
d - Freezing Cloud        Conj/Ice/Air   27%        6-21      28%         6
s - Searing Ray           Conj           100%       3d7       1%          2
x - Iskenderun's Mystic   Conj/Tloc      63%        2d13      1%          4
z - Fulminant Prism       Conj/Hex       32%        3d16      1%          4

Your spell library contained the following spells:

 Spells                   Type           Power      Damage    Failure   Level
 Apportation              Tloc           100%       N/A       1%          1
 Corona                   Hex            60%        N/A       1%          1
 Shock                    Conj/Air       100%       1d9       1%          1
 Corpse Rot               Necr/Air       N/A        N/A       1%          2
 Poisonous Vapours        Pois/Air       56%        N/A       1%          2
 Static Discharge         Conj/Air       59%        N/A       1%          2
 Conjure Flame            Conj/Fire      51%        6-21      1%          3
 Dazzling Flash           Conj/Hex       100%       N/A       1%          3
 Mephitic Cloud           Conj/Pois/Air  48%        N/A       1%          3
 Animate Skeleton         Necr           32%        N/A       3%          1
 Beastly Appendage        Tmut           32%        N/A       3%          1
 Summon Small Mammal      Summ           64%        N/A       3%          1
 Sublimation of Blood     Necr           8%         N/A       4%          2
 Wereblood                Tmut           16%        N/A       4%          2
 Airstrike                Air            20%        N/A       5%          4
 Spider Form              Tmut/Pois      8%         N/A       10%         3
 Ice Form                 Ice/Tmut       29%        N/A       13%         4
 Dispel Undead            Necr           16%        3d10      32%         4
 Agony                    Necr           16%        N/A       67%         5
 Excruciating Wounds      Necr           8%         N/A       67%         5
 Hydra Form               Tmut           8%         N/A       67%         5


Dungeon Overview and Level Annotations

Branches:
Dungeon (14/15)            Temple (1/1) D:4            Lair (5/6) D:10
 Shoals (0/4) Lair:2        Snake (0/4) Lair:2          Orc (0/2) D:9
Ossuary (visited)         Gauntlet (visited)
  Slime: Lair:5-6    Vaults: D:13-14

Altars:
Ashenzari
Cheibriados
Dithmenos
Elyvilon
Fedhas
Gozag
Hepliaklqana
Kikubaaqudgha
Makhleb
Nemelex Xobeh
Okawaru
Qazlal
Ru
Sif Muna
Trog
Uskayaw
Vehumet
Wu Jian
Xom
Yredelemnul
Zin
The Shining One
Beogh
Lugonu

Shops:
D:4 [   D:8 *   D:13 [

Annotations:
D:10 dig
D:13 1 transporter, exclusion: oklob plant, Kepoon's ghost, journeyman GrFi
Lair:2 1 runed translucent door


Message History

Snorg is knocked back by the mystic blast.
Casting: Iskenderun's Mystic Blast (mildly dangerous; 1% risk of failure)
Confirm with . or Enter, or press ? or * to list all spells.
You erupt in a blast of force!
The mystic blast hits Snorg!
Snorg is almost dead.
Snorg is knocked back by the mystic blast.
Casting: Iskenderun's Mystic Blast (mildly dangerous; 1% risk of failure)
Confirm with . or Enter, or press ? or * to list all spells.
You erupt in a blast of force!
The mystic blast hits Snorg!
You kill Snorg!
Sif Muna accepts your kill.
You start resting.
You feel less invigorated.
HP restored.
Magic restored.
There is a stone staircase leading down here.
You climb downwards.
The seven-headed hydra bites you!
The seven-headed hydra bites you but does no damage.
The seven-headed hydra closely misses you.
The seven-headed hydra completely misses you.
The seven-headed hydra misses you. The seven-headed hydra bites you! x2
* * * LOW HITPOINT WARNING * * *
The seven-headed hydra misses you.
You block the seven-headed hydra's attack.
The seven-headed hydra completely misses you.
The seven-headed hydra bites you.
* * * LOW HITPOINT WARNING * * *
The seven-headed hydra completely misses you.
The seven-headed hydra misses you. The seven-headed hydra bites you.
* * * LOW HITPOINT WARNING * * *
There is a stone staircase leading up, spattered with blood here.
The seven-headed hydra closely misses you.
The seven-headed hydra bites you but does no damage.
The seven-headed hydra bites you.
* * * LOW HITPOINT WARNING * * *
The seven-headed hydra closely misses you.
The seven-headed hydra bites you!
* * * LOW HITPOINT WARNING * * *
The seven-headed hydra completely misses you.
The seven-headed hydra bites you!
You die...

### #..####
###P..#.#####
#........D#P####.#
..........@.......
..###...##.P.#....
#.###.###.# # #.
#.# ## .. .D. ..
... . .#... ....
#..#


You could see a seven-headed hydra.

Vanquished Creatures
  Snorg (Lair:4)
  Josephine (D:10)
  Harold (D:8)
  4 hydras
  3 two-headed ogres
  Urug (D:10)
  The ghost of kae the Cudgeller, a novice FoFi of Okawaru (D:7)
  A manticore (D:11)
  A cyclops (D:11)
  3 oklob plants (Lair:4)
  An elephant (D:10)
  A black mamba (Lair:2)
  3 cane toads
  Maggie (D:8)
  An unseen horror (D:10)
  4 komodo dragons
  A polar bear (Lair:4)
  A troll (D:10)
  A hornet (D:9)
  41 yaks
  4 wraiths
  4 wyverns
  2 basilisks
  Grum (D:8)
  5 water moccasins
  A hornet zombie (D:7)
  9 orc warriors
  A sky beast (D:7)
  2 ice beasts
  2 black bears
  A necrophage (D:4)
  2 ogres
  8 wolves
  A centaur (D:8)
  11 bullfrogs
  A gnoll sergeant (D:6)
  A wyvern zombie (D:8)
  8 killer bees
  5 wights (D:10)
  2 electric eels
  5 howler monkeys
  A crimson imp (D:6)
  3 centaur zombies
  2 bullfrog zombies (D:6)
  A human zombie (Ossuary)
  2 bullfrog skeletons
  11 orc priests
  4 hounds
  4 gnoll shamans
  2 jellies
  2 centaur skeletons (D:7)
  2 iguanas
  Natasha (thrice) (D:3)
  11 orc wizards
  A killer bee zombie (D:8)
  3 mummies (Ossuary)
  A hound skeleton (D:4)
  17 gnolls
  6 adders
  3 white imps
  An ufetubus (D:5)
  An adder skeleton (D:4)
  A worm (D:3)
  A dart slug (D:5)
  51 orcs
  8 ball pythons
  3 endoplasms
  4 giant cockroaches
  8 goblins
  7 hobgoblins
  10 jackals
  4 quokkas
  8 bats
  4 frilled lizards
  3 goblin zombies (Ossuary)
  2 hobgoblin zombies (Ossuary)
  4 kobolds
  3 kobold zombies (Ossuary)
  7 rats
  A fulminant prism (Lair:4)
358 creatures vanquished.

Vanquished Creatures (others)
  63 fulminant prisms
  4 fungi
  15 plants
  2 withered plants (D:7)
84 creatures vanquished.

Grand Total: 442 creatures vanquished

Notes
Turn   | Place    | Note
-------+----------+-------------------------------------------
     0 | D:1      | wakim the Deep Elf Conjurer began the quest for the Orb.
     0 | D:1      | Reached XP level 1. HP: 10/10 MP: 6/6
   214 | D:1      | Found a faded altar of an unknown god.
   328 | D:1      | Reached XP level 2. HP: 15/15 MP: 5/8
   593 | D:1      | Learned a level 2 spell: Searing Ray
  1333 | D:2      | Reached XP level 3. HP: 19/19 MP: 5/9
  1608 | D:2      | Reached skill level 5 in Conjurations
  2199 | D:3      | Reached XP level 4. HP: 24/24 MP: 9/11
  2337 | D:3      | Noticed a yak
  2338 | D:3      | Noticed a yak
  2338 | D:3      | Noticed a yak
  2361 | D:3      | Noticed a yak
  2371 | D:2      | Killed a yak
  2372 | D:2      | Reached skill level 6 in Conjurations
  2372 | D:2      | Reached XP level 5. HP: 28/28 MP: 1/14
  2513 | D:3      | Reached skill level 5 in Spellcasting
  2666 | D:3      | Noticed a yak
  2702 | D:2      | Killed a yak
  2703 | D:2      | Reached skill level 7 in Conjurations
  2703 | D:2      | Reached XP level 6. HP: 2/32 MP: 5/16
  3043 | D:2      | Learned a level 4 spell: Fulminant Prism
  3048 | D:2      | Learned a level 4 spell: Iskenderun's Mystic Blast
  3744 | D:3      | Noticed Natasha
  3750 | D:3      | Killed Natasha
  3889 | D:3      | Noticed Natasha
  3892 | D:3      | Killed Natasha
  4246 | D:4      | Reached skill level 1 in Hexes
  4322 | D:4      | Reached XP level 7. HP: 36/36 MP: 12/17
  4455 | D:4      | Found Fiaf's Armour Emporium.
  4485 | D:4      | Reached skill level 1 in Translocations
  4644 | D:4      | Found a staircase to the Ecumenical Temple.
  4712 | Temple   | Entered the Ecumenical Temple
  5131 | D:4      | Bought a +1 robe of willpower for 152 gold pieces
  5154 | D:5      | Entered Level 5 of the Dungeon
  5353 | D:5      | Reached skill level 8 in Conjurations
  5473 | D:5      | Found a sand-covered staircase.
  5477 | Ossuary  | Entered an ossuary
  5477 | Ossuary  | Noticed a wraith
  5477 | Ossuary  | Noticed a wraith
  5477 | Ossuary  | Noticed a wraith
  5878 | Ossuary  | Noticed a wraith
  6325 | D:5      | Found a runed translucent door.
  6334 | D:5      | Reached XP level 8. HP: 41/41 MP: 15/19
  6800 | D:4      | Reached skill level 9 in Conjurations
  7049 | D:4      | Reached skill level 5 in Dodging
  8177 | D:6      | Reached XP level 9. HP: 45/45 MP: 19/23
  8938 | D:6      | Reached skill level 1 in Shields
  9110 | D:6      | Reached skill level 1 in Fighting
  9110 | D:6      | Reached skill level 10 in Conjurations
  9971 | D:3      | Noticed Natasha
  9974 | D:3      | Killed Natasha
 10182 | D:7      | Found a runed translucent door.
 10340 | D:7      | Reached XP level 10. HP: 43/54 MP: 15/25
 10487 | D:7      | Noticed kae's ghost (novice FoFi)
 11038 | D:7      | Found a stormy altar of Qazlal.
 11039 | D:7      | Found a sacrificial altar of Ru.
 11041 | D:7      | Found an opulent altar of Gozag.
 11044 | D:7      | Found a glowing silver altar of Zin.
 11044 | D:7      | Found a snail-covered altar of Cheibriados.
 11049 | D:7      | Found a bloodstained altar of Trog.
 11050 | D:7      | Found a hazy altar of Hepliaklqana.
 11350 | D:8      | Noticed Maggie
 11373 | D:8      | Killed Maggie
 11482 | D:8      | Noticed Harold
 11482 | D:8      | Noticed a two-headed ogre
 11704 | D:8      | Killed Harold
 11923 | D:8      | Killed a two-headed ogre
 11924 | D:8      | Reached skill level 5 in Hexes
 12169 | D:8      | Found Uziv's Assorted Antiques.
 12225 | D:8      | Noticed Grum
 12230 | D:8      | Killed Grum
 12234 | D:8      | Reached skill level 10 in Spellcasting
 12381 | D:8      | Found an ornate altar of the Wu Jian Council.
 12426 | D:8      | Bought a scroll labelled AMOLUA HE DEO for 26 gold pieces
 12599 | D:8      | Found a hide-covered altar of Uskayaw.
 12617 | D:8      | Found a blossoming altar of Fedhas.
 12620 | D:8      | Found a shadowy altar of Dithmenos.
 12649 | D:8      | Found a basalt altar of Yredelemnul.
 12651 | D:8      | Noticed a profane servitor
 12666 | D:8      | Found a glowing golden altar of the Shining One.
 12668 | D:8      | Noticed an angel
 12704 | D:8      | Reached skill level 11 in Conjurations
 12835 | D:9      | Reached skill level 5 in Translocations
 12975 | D:9      | Found a radiant altar of Vehumet.
 13005 | D:9      | Reached XP level 11. HP: 60/60 MP: 18/27
 13299 | D:9      | Found a staircase to the Orcish Mines.
 13618 | D:9      | Found a shimmering blue altar of Sif Muna.
 13618 | D:9      | Found an ancient bone altar of Kikubaaqudgha.
 13624 | D:9      | Identified Sif Muna's Disquisition on Summoning
 13633 | D:9      | Learned a level 6 spell: Freezing Cloud
 13634 | D:9      | Became a worshipper of Sif Muna the Loreminder
 13784 | D:9      | Identified the +11 hunting sling "Gycs" {venom, Int+3}
 14186 | D:7      | Killed kae's ghost
 14187 | D:7      | Reached skill level 1 in Ice Magic
 14187 | D:7      | Reached skill level 1 in Air Magic
 14187 | D:7      | Reached skill level 1 in Invocations
 14475 | D:10     | Entered Level 10 of the Dungeon
 14480 | D:10     | Noticed Josephine
 14869 | D:10     | Noticed an orc knight
 14870 | D:10     | Noticed a boulder beetle
 14871 | D:10     | Noticed a boulder beetle
 14872 | D:10     | Noticed a four-headed hydra
 15003 | D:10     | Noticed a boulder beetle
 15008 | D:10     | Noticed a yaktaur captain
 15084 | D:10     | Noticed Urug
 15101 | D:10     | Killed Urug
 15377 | D:10     | Noticed a five-headed hydra
 15674 | D:10     | Killed Josephine
 15675 | D:10     | Reached skill level 10 in Dodging
 15761 | D:10     | Found a staircase to the Lair.
 16376 | D:10     | Killed a five-headed hydra
 16672 | D:11     | Reached * piety under Sif Muna
 16712 | D:11     | Noticed a two-headed ogre
 16719 | D:11     | Killed a two-headed ogre
 16720 | D:11     | Reached skill level 5 in Invocations
 16741 | D:11     | Found a gate leading to a gauntlet.
 16787 | Gauntlet | Entered a Gauntlet
 16787 | Gauntlet | Found a transporter.
 16787 | Gauntlet | Found a transporter.
 16787 | Gauntlet | Found a transporter.
 16791 | Gauntlet | Found a transporter.
 16805 | Gauntlet | Found a transporter.
 16806 | Gauntlet | Noticed a sixfirhy
 16807 | Gauntlet | Found a transporter.
 16809 | Gauntlet | Noticed a sixfirhy
 16811 | Gauntlet | Noticed a sixfirhy
 16814 | Gauntlet | Noticed a sixfirhy
 16815 | Gauntlet | Noticed a sixfirhy
 16819 | Gauntlet | Found a transporter.
 16819 | Gauntlet | Noticed a large abomination
 16829 | Gauntlet | Noticed a minotaur
 16906 | Gauntlet | Found a transporter.
 16910 | Gauntlet | Found a transporter.
 16920 | Gauntlet | Found a transporter.
 16924 | Gauntlet | Found a transporter.
 16935 | Gauntlet | Found a transporter.
 17058 | D:11     | You fall into a shaft and drop 3 floors!
 17131 | D:13     | Noticed a green ugly thing
 17148 | D:13     | Found Murche's Antique Armour Shop.
 17271 | D:13     | Found a transporter.
 17275 | D:13     | Noticed a centaur warrior
 17281 | D:13     | Noticed a centaur warrior
 17296 | D:13     | Noticed an oklob plant
 17301 | D:13     | Noticed an ogre mage
 17302 | D:13     | Noticed a wizard
 17303 | D:13     | Noticed a purple ugly thing
 17304 | D:13     | Noticed a four-headed hydra
 17304 | D:13     | Noticed Kepoon's ghost (journeyman GrFi)
 17304 | D:13     | Noticed a boulder beetle
 17306 | D:13     | Noticed a death knight
 17400 | D:11     | Reached XP level 12. HP: 68/68 MP: 18/28
 17479 | D:11     | Noticed a two-headed ogre
 17491 | D:11     | Killed a two-headed ogre
 17764 | Lair:1   | Entered Level 1 of the Lair of Beasts
 17773 | Lair:1   | Reached skill level 5 in Fighting
 18196 | Lair:1   | Noticed a four-headed hydra
 18210 | Lair:1   | Killed a four-headed hydra
 18486 | Lair:1   | Identified the +6 spear of Contradiction {vorpal, rN++
                  | Str+7 Dex-4}
 18556 | Lair:1   | Found a stormy altar of Qazlal.
 18873 | Lair:2   | Found a staircase to the Shoals.
 18987 | Lair:2   | Found a staircase to the Snake Pit.
 19224 | Lair:2   | Found a runed translucent door.
 19828 | Lair:3   | Noticed a four-headed hydra
 19856 | Lair:2   | Killed a four-headed hydra
 20241 | Lair:2   | Reached ** piety under Sif Muna
 20386 | Lair:3   | Reached skill level 12 in Conjurations
 20535 | Lair:3   | Identified a scroll of acquirement
 20535 | Lair:3   | Acquired a book of Air
 20541 | Lair:3   | Learned a level 3 spell: Swiftness
 20549 | Lair:3   | Learned a level 5 spell: Lightning Bolt
 22257 | Lair:4   | Noticed a six-headed hydra
 22267 | Lair:4   | Killed a six-headed hydra
 22268 | Lair:4   | Reached skill level 5 in Shields
 22751 | Lair:4   | Reached XP level 13. HP: 73/73 MP: 30/30
 22816 | Lair:5   | Noticed Snorg
 22831 | Lair:4   | Killed Snorg
 22907 | Lair:5   | Slain by a seven-headed hydra

Illustrated notes

Levels and vault maps discovered:
D:1:      minmay_arrival_wavy_path, layout_basic, basic_ecumenical_altar
D:2:      layout_basic
D:3:      layout_loops_cross, uniq_natasha
D:4:      layout_basic, minmay_temple_entry_wispy, serial_shops, kennysheep_mini
D:5:      layout_basic, enter_ossuary_5, lightli_church_of_beogh
D:6:      layout_basic, minmay_fire_ice_demons
D:7:      layout_loops_ring, minitemple, gammafunk_ghost_grave,
          minmay_fractal_squares_diagonal_5
D:8:      layout_cave_pools, grunt_temple_overflow_holy_war,
          amcnicky_altar_gilded, grunt_temple_overflow_diamond, serial_shops,
          shop, david_defended_altar_orc, uniq_grum, uniq_maggie, uniq_harold
D:9:      layout_basic, grunt_temple_overflow_magic_moments, orc_0_dummy,
          minivault_4
D:10:     layout_basic, david_lair_generic, enter_bailey_3,
          onia_ninara_dug_in_and_dangerous, uniq_josephine, uniq_urug
D:11:     layout_basic, gauntlet_entry_generic
D:12:     layout_rooms
D:13:     layout_irregular_city, grunt_vaults_entry_tiered, serial_shops,
          nicolae_shop_statue_plus, nzn_ghost_randoct
D:14:     layout_small_grid, gammafunk_ghost_fury_of_okawaru,
          serial_bayou_pond_e
Temple:   corrupted_temple
Lair:1:   layout_long_grid, basic_altar, grunt_megastairs_1
Lair:2:   gammafunk_indiana_jones, layout_regular_city, shoals_dummy_entry,
          dummy_snake_entry
Lair:3:   layout_regular_city, infiniplex_staircase_pool_2
Lair:4:   dpeg_oklob_gauntlet, layout_regular_city, lemuel_fruit_tree,
          serial_bayou_shore_a
Lair:5:   layout_loops_ring, dpeg_slime_entry_corner, minmay_lindwurm_lava,
          minmay_lair_oklob_chamber, uniq_rupert, uniq_snorg

Skill      XL: |  1  2  3  4  5  6  7  8  9 10 11 12 |
---------------+-------------------------------------+-----
Stealth        | 3 4 |  4.0
Conjurations   | 5 6 7 8 9 10 11 12 | 12.1
Spellcasting   | 4 5 6 8 9 10 11 | 11.3
Hexes          | 1 2 3 5 7 |  7.0
Dodging        | 3 5 7 9 10 | 10.8
Translocations | 2 3 5 6 |  6.8
Shields        | 3 4 5 |  5.1
Fighting       | 2 3 4 5 |  5.5
Ice Magic      | 3 4 |  4.3
Air Magic      | 3 4 |  4.2
Invocations    | 5 7 |  7.3

Action                   |  1- 3 |  4- 6 |  7- 9 | 10-12 | 13-15 || total
-------------------------+-------+-------+-------+-------+-------++-------
 Fire: Hunting sling     |       |       |       |    43 |       ||    43
 Cast: Magic Dart        |    57 |    13 |    63 |    11 |       ||   144
       Searing Ray       |     7 |    21 |    78 |   115 |       ||   221
       Iskenderun's Myst |       |       |     7 |    51 |     4 ||    62
       Fulminant Prism   |       |       |     4 |    55 |     5 ||    64
       Lightning Bolt    |       |       |       |     2 |       ||     2
       Freezing Cloud    |       |       |       |     2 |       ||     2
Invok: Channel Magic     |       |       |       |       |     1 ||     1
  Use: Scroll            |     4 |     2 |    10 |    10 |       ||    26
       Potion            |       |       |       |     2 |       ||     2
Armor: Robe              |       |     2 |     7 |    17 |     2 ||    28
Dodge: Dodged            |     2 |     9 |    31 |   122 |    13 ||   177
Block: Other             |       |     1 |     6 |       |       ||     7
       Buckler           |       |       |    10 |    58 |     1 ||    69
       Reflection        |       |       |       |     3 |       ||     3

Table legend: (Time is in decaauts)
 A = Elapsed time spent in this place.
 B = Non-inter-level travel time spent in this place.
 C = Inter-level travel time spent in this place.
 D = Time resting spent in this place.
 E = Time spent auto-exploring this place.
 F = Levels seen in this place.
 G = Mean time per level.
                   A        B        C        D        E       F      G
               +--------+--------+--------+--------+--------+-----+--------+
         Total |  22974 |  20838 |   2136 |   2753 |  14510 |  22 | 1044.3 |
       Dungeon |  16954 |  15012 |   1942 |   1961 |  10584 |  14 | 1211.0 |
        Temple |     41 |     29 |     12 |      0 |     28 |   1 |   41.0 |
          Lair |   5033 |   4851 |    182 |    620 |   3588 |   5 | 1006.6 |
       Ossuary |    701 |    701 |      0 |    172 |    154 |   1 |  701.0 |
      Gauntlet |    242 |    242 |      0 |      0 |    155 |   1 |  242.0 |
               +--------+--------+--------+--------+--------+-----+--------+

Top non-repeatable levels by time:
     D:4: 2011 daAuts
     D:7: 1940 daAuts
     D:3: 1878 daAuts
    D:10: 1804 daAuts
     D:2: 1763 daAuts
     D:9: 1583 daAuts
  Lair:4: 1570 daAuts
     D:6: 1536 daAuts
  Lair:2: 1436 daAuts
     D:5: 1282 daAuts
     D:1: 1145 daAuts
  Lair:3: 1074 daAuts
     D:8: 1058 daAuts
  Lair:1: 927 daAuts
 Ossuary: 701 daAuts
